[Event "Djerba Festival Blitz 2025"]
[Site "Djerba"]
[Date "2025.02.21"]
[Round "1.1"]
[White "Chaouech, Oussama"]
[Black "Maghsoodloo, Parham"]
[Result "0-1"]
[ECO "E90"]
[WhiteElo "1651"]
[BlackElo "2680"]
[PlyCount "64"]
[EventDate "2025.02.15"]
[EventType "swiss"]
[EventCountry "TUN"]
[TimeControl "180+3"]

1. d4 Nf6 2. c4 g6 3. Nc3 Bg7 4. e4 d6 5. Nf3 a5 6. Bd3 Nc6 7. a3 Bg4 8. Be2 Nd7 9. Be3 Bxf3 10. Bxf3 e5 11. d5 Nd4 12. O-O O-O 13. Rb1 c6 14. Bxd4 exd4 15. Ne2 Qb6 16. Nf4 Ne5 17. b3 a4 18. Nd3 Nxf3+ 19. gxf3 axb3 20. Qxb3 Qa6 21. Ra1 cxd5 22. cxd5 Rac8 23. Nb4 Qa7 24. Rac1 Rc3 25. Rxc3 dxc3 26. Rc1 f5 27. Rc2 Qd4 28. a4 fxe4 29. fxe4 Qxe4 30. Na2 Bd4 31. Nxc3 Qe1+ 32. Kg2 Rxf2+ 0-1

[Event "Djerba Festival Blitz 2025"]
[Site "Djerba"]
[Date "2025.02.21"]
[Round "1.2"]
[White "Moussard, Jules"]
[Black "Sazlik, Mucahit"]
[Result "1-0"]
[ECO "D11"]
[WhiteElo "2595"]
[BlackElo "1672"]
[PlyCount "29"]
[EventDate "2025.02.15"]
[EventType "swiss"]
[EventCountry "TUN"]
[TimeControl "180+3"]

1. Nf3 d5 2. c4 c6 3. d4 Nf6 4. e3 Bg4 5. h3 Bxf3 6. Qxf3 e6 7. Nc3 Bd6 8. Bd2 O-O 9. g4 Bc7 10. g5 Nfd7 11. h4 f6 12. Bd3 e5 13. Bxh7+ Kxh7 14. Qh5+ Kg8 15. g6 1-0

[Event "Djerba Festival Blitz 2025"]
[Site "Djerba"]
[Date "2025.02.21"]
[Round "1.3"]
[White "Ferahi, Tarik"]
[Black "Dardha, Daniel"]
[Result "0-1"]
[ECO "B15"]
[WhiteElo "1612"]
[BlackElo "2652"]
[PlyCount "38"]
[EventDate "2025.02.15"]
[EventType "swiss"]
[EventCountry "TUN"]
[TimeControl "180+3"]

1. e4 c6 2. d4 d5 3. Nc3 dxe4 4. Nxe4 Nf6 5. Nxf6+ exf6 6. Nf3 Bd6 7. c3 O-O 8. Bd3 Re8+ 9. Be3 Nd7 10. O-O Nf8 11. Qc2 Ng6 12. Bxg6 hxg6 13. h3 Bf5 14. Qd2 Qd7 15. g4 Bxg4 16. hxg4 Qxg4+ 17. Kh1 Qxf3+ 18. Kg1 Qg4+ 19. Kh1 Qh3+ 0-1

[Event "Djerba Festival Blitz 2025"]
[Site "Djerba"]
[Date "2025.02.21"]
[Round "1.4"]
[White "Edouard, Romain"]
[Black "Zerarga, Imene"]
[Result "1-0"]
[ECO "E22"]
[WhiteElo "2544"]
[BlackElo "1831"]
[PlyCount "51"]
[EventDate "2025.02.15"]
[EventType "swiss"]
[EventCountry "TUN"]
[TimeControl "180+3"]

1. d4 Nf6 2. c4 e6 3. Nc3 Bb4 4. Nf3 c5 5. Qb3 Nc6 6. d5 Na5 7. Qc2 Nxc4 8. e4 Nb6 9. d6 O-O 10. Bg5 h6 11. Bh4 Qe8 12. Bxf6 gxf6 13. h4 Kg7 14. Rh3 Rg8 15. a3 Ba5 16. O-O-O Bxc3 17. Qxc3 e5 18. h5 Na4 19. Qc2 Nb6 20. Nh4 Kh7 21. Nf5 Rg5 22. Ne7 Qf8 23. f4 exf4 24. e5+ Kh8 25. exf6 Re5 26. Rh4 1-0

[Event "Djerba Festival Blitz 2025"]
[Site "Djerba"]
[Date "2025.02.21"]
[Round "1.5"]
[White "Minde, Timothe"]
[Black "Kobalia, Mikhail"]
[Result "0-1"]
[ECO "B22"]
[WhiteElo "1879"]
[BlackElo "2538"]
[PlyCount "62"]
[EventDate "2025.02.15"]
[EventType "swiss"]
[EventCountry "TUN"]
[TimeControl "180+3"]

1. e4 c5 2. Nf3 e6 3. c3 Nf6 4. e5 Nd5 5. d4 cxd4 6. cxd4 d6 7. Bc4 Nb6 8. Bd3 Nc6 9. O-O Nb4 10. Be2 dxe5 11. dxe5 Qxd1 12. Bxd1 Nd3 13. Bc2 Nxc1 14. Rxc1 Bd7 15. Be4 Rb8 16. Nbd2 Be7 17. Nb3 Bd8 18. Nc5 Bc8 19. Nd4 a6 20. a4 Nd5 21. Bxd5 exd5 22. Rd1 O-O 23. e6 Bb6 24. b4 Bxc5 25. bxc5 Bxe6 26. Nxe6 fxe6 27. Rab1 Rfc8 28. Rb6 Kf7 29. Rc1 Rc6 30. Rxc6 bxc6 31. g3 Rb4 0-1

[Event "Djerba Festival Blitz 2025"]
[Site "Djerba"]
[Date "2025.02.21"]
[Round "1.7"]
[White "Chargui, Saleh"]
[Black "Oro, Faustino"]
[Result "0-1"]
[ECO "D38"]
[WhiteElo "1709"]
[BlackElo "2447"]
[PlyCount "42"]
[EventDate "2025.02.15"]
[EventType "swiss"]
[EventCountry "TUN"]
[TimeControl "180+3"]

1. d4 Nf6 2. c4 e6 3. Nc3 d5 4. cxd5 exd5 5. Bg5 Bb4 6. Nf3 h6 7. Bxf6 Qxf6 8. e3 c6 9. Be2 O-O 10. O-O Nd7 11. Rc1 Re8 12. Qb3 Bd6 13. g3 Nf8 14. Nh4 Bh3 15. Ng2 Ne6 16. Qxb7 Ng5 17. Qxc6 Nf3+ 18. Kh1 Nd2 19. Nxd5 Qe6 20. Rg1 Ne4 21. Ngf4 Nxf2# 0-1

[Event "Djerba Festival Blitz 2025"]
[Site "Djerba"]
[Date "2025.02.21"]
[Round "1.10"]
[White "Njili, Kamel"]
[Black "Farouz, Paul"]
[Result "1-0"]
[ECO "D10"]
[WhiteElo "2406"]
[BlackElo "1680"]
[PlyCount "71"]
[EventDate "2025.02.15"]
[EventType "swiss"]
[EventCountry "TUN"]
[TimeControl "180+3"]

1. d4 d5 2. c4 c6 3. Nc3 a6 4. Nf3 dxc4 5. a4 Nf6 6. e4 Bg4 7. Bxc4 e6 8. Qb3 Bxf3 9. gxf3 Qc7 10. Bg5 Nbd7 11. Bh4 Be7 12. e5 Nd5 13. Nxd5 cxd5 14. Bxe7 Kxe7 15. Qa3+ Ke8 16. Bd3 f6 17. f4 Rb8 18. Rg1 Kf7 19. Ke2 b5 20. Rac1 Qb6 21. axb5 a5 22. Qa4 Rhc8 23. Rc3 fxe5 24. fxe5 Kg8 25. Rgc1 Rxc3 26. bxc3 Rf8 27. Rf1 Qd8 28. Qc2 h6 29. c4 Qh4 30. cxd5 exd5 31. Qc6 Qg4+ 32. f3 Qh3 33. Qxd5+ Kh8 34. Qe4 Qxh2+ 35. Rf2 Qh5 36. Qh7# 1-0

[Event "Djerba Festival Blitz 2025"]
[Site "Djerba"]
[Date "2025.02.21"]
[Round "1.11"]
[White "Badrakova, Kseniya"]
[Black "Willems, Niels"]
[Result "0-1"]
[ECO "B12"]
[WhiteElo "1757"]
[BlackElo "2414"]
[PlyCount "74"]
[EventDate "2025.02.15"]
[EventType "swiss"]
[EventCountry "TUN"]
[TimeControl "180+3"]

1. e4 c6 2. d4 d5 3. e5 Bf5 4. h4 h5 5. Bd3 Bxd3 6. Qxd3 Qa5+ 7. b4 Qxb4+ 8. Nd2 e6 9. Rb1 Qe7 10. c4 Nh6 11. Rb3 Nf5 12. Ba3 Qc7 13. Bxf8 Kxf8 14. Ngf3 g6 15. O-O Kg7 16. Rfb1 b6 17. cxd5 cxd5 18. Rc3 Qb7 19. Rbc1 Na6 20. a3 Rhc8 21. Ng5 Nxh4 22. g3 Nf5 23. Kg2 Rxc3 24. Rxc3 Rc8 25. Ngf3 Rxc3 26. Qxc3 Qc7 27. Qd3 Nb8 28. Nb3 Qc4 29. Qxc4 dxc4 30. Nc1 Nc6 31. Ne2 b5 32. Kf1 g5 33. Ke1 g4 34. Nd2 Nfxd4 35. Nxd4 Nxd4 36. Ne4 Nc2+ 37. Kd2 Nxa3 0-1

[Event "Djerba Festival Blitz 2025"]
[Site "Djerba"]
[Date "2025.02.21"]
[Round "1.12"]
[White "Guinet, Andy"]
[Black "Viers, Emmanuel"]
[Result "0-1"]
[ECO "A01"]
[WhiteElo "1665"]
[BlackElo "2072"]
[PlyCount "64"]
[EventDate "2025.02.15"]
[EventType "swiss"]
[EventCountry "TUN"]
[TimeControl "180+3"]

1. b3 Nf6 2. Bb2 e6 3. e3 Be7 4. Bc4 b6 5. Nf3 Bb7 6. O-O d5 7. Be2 c5 8. d4 Nbd7 9. c4 cxd4 10. exd4 O-O 11. Nbd2 Ne4 12. Nxe4 dxe4 13. Nd2 f5 14. Qc2 Bf6 15. Rae1 Rc8 16. a4 Nb8 17. Bd1 Bxd4 18. Bxd4 Qxd4 19. Re2 Nc6 20. Qb1 Nb4 21. Bc2 Rfd8 22. Rd1 Qc3 23. Bxe4 Bxe4 24. Nxe4 fxe4 25. Rxd8+ Rxd8 26. Rxe4 Qd3 27. Qxd3 Rxd3 28. f4 Kf7 29. Kf2 Rxb3 30. Rd4 Rd3 31. Re4 Nc6 32. Ke2 Rd4 0-1

[Event "Djerba Festival Blitz 2025"]
[Site "Djerba"]
[Date "2025.02.21"]
[Round "1.13"]
[White "Boudriga, Mohamed Ali"]
[Black "Badya, Vasily"]
[Result "1-0"]
[ECO "B07"]
[WhiteElo "2323"]
[BlackElo "1765"]
[PlyCount "79"]
[EventDate "2025.02.15"]
[EventType "swiss"]
[EventCountry "TUN"]
[TimeControl "180+3"]

1. e4 d6 2. d4 Nf6 3. Nc3 g6 4. Be3 c6 5. Qd2 b5 6. Bd3 Ng4 7. Bg5 h6 8. Bh4 Bg7 9. f3 Nf6 10. Nge2 Nbd7 11. g4 h5 12. g5 Nh7 13. f4 a6 14. f5 c5 15. fxg6 fxg6 16. e5 cxd4 17. Bxg6+ Kf8 18. O-O+ Kg8 19. Bf7+ Kf8 20. Bd5+ Ke8 21. Nxd4 Nxe5 22. Bxa8 Bh3 23. Bg2 Bg4 24. Nd5 Rf8 25. h3 Rxf1+ 26. Rxf1 Bd7 27. Nf5 Bxf5 28. Rxf5 Kd7 29. Bf2 Nc4 30. Qe2 Be5 31. b3 Na5 32. Bb6 Qa8 33. Nf6+ Nxf6 34. Bxa8 Ng4 35. hxg4 hxg4 36. Rxe5 dxe5 37. Bxa5 Ke6 38. Qxg4+ Kf7 39. Qf5+ Ke8 40. Bc6# 1-0

[Event "Djerba Festival Blitz 2025"]
[Site "Djerba"]
[Date "2025.02.21"]
[Round "1.14"]
[White "Guinet, Stephane"]
[Black "Amdouni, Zoubaier"]
[Result "1-0"]
[ECO "B30"]
[WhiteElo "1617"]
[BlackElo "2229"]
[PlyCount "52"]
[EventDate "2025.02.15"]
[EventType "swiss"]
[EventCountry "TUN"]
[TimeControl "180+3"]

1. e4 c5 2. Bc4 e6 3. Nf3 Nc6 4. a4 Nf6 5. d3 Be7 6. O-O d5 7. exd5 exd5 8. Ba2 O-O 9. Bg5 Be6 10. Nbd2 h6 11. Bh4 Nb4 12. c3 Nxd3 13. Nb3 Nxb2 14. Qd2 Nc4 15. Qd3 Ne4 16. Bb1 Bxh4 17. Nxc5 Bf6 18. Nxb7 Qb6 19. Nd4 Qxb7 20. f3 Ncd2 21. Bc2 Nxf1 22. Rxf1 Bxd4+ 23. cxd4 f5 24. fxe4 fxe4 25. Qg3 Rxf1+ 26. Kxf1 Rf8+ 1-0

[Event "Djerba Festival Blitz 2025"]
[Site "Djerba"]
[Date "2025.02.21"]
[Round "1.15"]
[White "Bouzidi, Ahmed"]
[Black "Baba, Ayoub"]
[Result "1-0"]
[ECO "B22"]
[WhiteElo "2168"]
[BlackElo "1469"]
[PlyCount "77"]
[EventDate "2025.02.15"]
[EventType "swiss"]
[EventCountry "TUN"]
[TimeControl "180+3"]

1. e4 c5 2. c3 Nc6 3. d4 d5 4. exd5 Qxd5 5. Nf3 Nf6 6. Be3 e6 7. Na3 a6 8. dxc5 Qxd1+ 9. Rxd1 Be7 10. Nc4 Nd5 11. Nb6 Nxb6 12. cxb6 O-O 13. Bd3 h6 14. O-O Bd7 15. Bxa6 Bc8 16. Bb5 Rxa2 17. Bxc6 bxc6 18. b7 Rxb2 19. bxc8=Q Rxc8 20. Ne5 Bf6 21. Bf4 c5 22. Rd7 Rb3 23. Nxf7 Rxc3 24. g3 c4 25. Re1 Rd3 26. Rxd3 cxd3 27. Nd6 Rd8 28. Ne4 e5 29. Bxh6 d2 30. Bxd2 Kf7 31. h4 Ke6 32. Bg5 Kf5 33. f3 Kg6 34. g4 Rd3 35. h5+ Kh7 36. Kg2 Bxg5 37. Nxg5+ Kh6 38. Nf7+ Kh7 39. Rxe5 1-0

[Event "Djerba Festival Blitz 2025"]
[Site "Djerba"]
[Date "2025.02.21"]
[Round "1.16"]
[White "Alouani, Ahmed"]
[Black "Pichon, Ewen"]
[Result "0-1"]
[ECO "D02"]
[WhiteElo "1617"]
[BlackElo "2351"]
[PlyCount "58"]
[EventDate "2025.02.15"]
[EventType "swiss"]
[EventCountry "TUN"]
[TimeControl "180+3"]

1. Nf3 d5 2. d4 Nf6 3. Bf4 c5 4. e3 Nc6 5. c3 Qb6 6. b3 cxd4 7. cxd4 Bg4 8. Nbd2 g6 9. Be2 Bg7 10. O-O O-O 11. h3 Bf5 12. Nh4 Bd7 13. Nhf3 Rac8 14. a3 Rfd8 15. Ne5 Be8 16. Rc1 Nd7 17. Nxc6 bxc6 18. b4 a5 19. Rb1 e5 20. dxe5 Nxe5 21. Nf3 Nxf3+ 22. Bxf3 Bd7 23. b5 cxb5 24. Qxd5 b4 25. axb4 axb4 26. Qb3 Bc3 27. Rfc1 Be6 28. Qa4 Qc5 29. Qa7 Qxa7 0-1

[Event "Djerba Festival Blitz 2025"]
[Site "Djerba"]
[Date "2025.02.21"]
[Round "1.17"]
[White "Filali, Razzouki Marouane"]
[Black "Benzarti, Thabet"]
[Result "1-0"]
[ECO "B13"]
[WhiteElo "2234"]
[BlackElo "1664"]
[PlyCount "84"]
[EventDate "2025.02.15"]
[EventType "swiss"]
[EventCountry "TUN"]
[TimeControl "180+3"]

1. e4 c6 2. d4 d5 3. exd5 cxd5 4. c4 Nf6 5. Nf3 Nc6 6. Nc3 Bg4 7. Be2 e6 8. O-O Be7 9. a3 O-O 10. c5 Qd7 11. b4 a6 12. Rb1 Ne4 13. Bb2 f5 14. h3 Bh5 15. Na4 Rab8 16. Ne5 Nxe5 17. Bxh5 Nc4 18. Be2 Ncd2 19. Nb6 Qd8 20. a4 Nxf1 21. Bxf1 f4 22. f3 Ng3 23. Bd3 Bf6 24. b5 axb5 25. axb5 Qe7 26. Qd2 e5 27. Nxd5 Qd7 28. dxe5 Bxe5 29. Bxe5 Qxd5 30. Bxh7+ Kxh7 31. Qxd5 Rfd8 32. Bd6 Rbc8 33. Re1 Re8 34. Rxe8 Rxe8 35. Bxf4 Ne2+ 36. Kf2 Nxf4 37. Qf5+ Ng6 38. Qh5+ Kg8 39. Qxg6 Rf8 40. c6 bxc6 41. bxc6 Rf6 42. Qxf6 gxf6 1-0

[Event "Djerba Festival Blitz 2025"]
[Site "Djerba"]
[Date "2025.02.21"]
[Round "1.18"]
[White "El Gazzar, Ahmed"]
[Black "Rene, Benoit"]
[Result "0-1"]
[ECO "B21"]
[WhiteElo "1667"]
[BlackElo "2108"]
[PlyCount "45"]
[EventDate "2025.02.15"]
[EventType "swiss"]
[EventCountry "TUN"]
[TimeControl "180+3"]

1. e4 c5 2. d4 cxd4 3. c3 dxc3 4. Nxc3 Nc6 5. Nf3 e6 6. Be2 a6 7. O-O d6 8. Bf4 Be7 9. Qb3 Nf6 10. Rfd1 Qc7 11. Rac1 O-O 12. e5 dxe5 13. Bxe5 Nxe5 14. Nd5 Nxf3+ 15. Bxf3 Nxd5 16. Rxc7 Nxc7 17. Bxb7 Rb8 18. Qg3 Rxb7 19. h4 Nd5 20. h5 h6 21. Qf3 Rxb2 22. g4 Bc5 23. Kh1 0-1

[Event "Djerba Festival Blitz 2025"]
[Site "Djerba"]
[Date "2025.02.21"]
[Round "1.19"]
[White "Boulrens, Ala Eddine"]
[Black "Hinard, Jeremy"]
[Result "1-0"]
[ECO "B14"]
[WhiteElo "2121"]
[BlackElo "1609"]
[PlyCount "71"]
[EventDate "2025.02.15"]
[EventType "swiss"]
[EventCountry "TUN"]
[TimeControl "180+3"]

1. e4 c6 2. d4 d5 3. exd5 cxd5 4. c4 Nf6 5. Nc3 e6 6. Nf3 Bb4 7. Qb3 Bxc3+ 8. bxc3 O-O 9. c5 Bd7 10. Bf4 Bc6 11. Bd3 a5 12. O-O Na6 13. Ne5 Re8 14. h3 Nd7 15. Qc2 Nxe5 16. Bxh7+ Kh8 17. Bxe5 f5 18. Bg6 Rf8 19. Qe2 Qg5 20. Bh5 Be8 21. Bxe8 Raxe8 22. f4 Qe7 23. Qh5+ Kg8 24. Rab1 Qf7 25. Qg5 Qe7 26. Qxe7 Rxe7 27. Bd6 Rfe8 28. Bxe7 Rxe7 29. Rfe1 Nc7 30. Rxb7 Kf8 31. Ra7 a4 32. Rb1 g5 33. Rbb7 gxf4 34. Rxc7 Rxc7 35. Rxc7 Ke8 36. h4 1-0

[Event "Djerba Festival Blitz 2025"]
[Site "Djerba"]
[Date "2025.02.21"]
[Round "1.20"]
[White "Chaudesaygues, Hugo"]
[Black "Papaux, Steve"]
[Result "0-1"]
[ECO "C44"]
[WhiteElo "1624"]
[BlackElo "2204"]
[PlyCount "84"]
[EventDate "2025.02.15"]
[EventType "swiss"]
[EventCountry "TUN"]
[TimeControl "180+3"]

1. e4 e5 2. Nf3 Nc6 3. d4 exd4 4. Bc4 Bb4+ 5. c3 dxc3 6. bxc3 Ba5 7. O-O Nf6 8. Re1 O-O 9. Bb2 Bb6 10. e5 d5 11. exf6 dxc4 12. fxg7 Re8 13. Qxd8 Rxd8 14. Na3 Be6 15. Rad1 Rd3 16. Rxd3 cxd3 17. Rd1 Rd8 18. c4 Na5 19. g3 Nxc4 20. Nxc4 Bxc4 21. Ne5 Bxa2 22. Rxd3 Rxd3 23. Nxd3 c6 24. h4 Bd8 25. Nb4 Be6 26. Nd3 f6 27. Nf4 Bf7 28. Kg2 Kxg7 29. g4 Kf8 30. h5 a5 31. Kg3 b5 32. Nd3 Be7 33. Kf4 Be6 34. f3 c5 35. Ke4 c4 36. Nf4 Kf7 37. Ne2 b4 38. Nd4 c3 39. Bc1 a4 40. Kd3 a3 41. Nxe6 Kxe6 42. Kc4 a2 0-1

[Event "Djerba Festival Blitz 2025"]
[Site "Djerba"]
[Date "2025.02.21"]
[Round "1.21"]
[White "Kakavand, Ramtin"]
[Black "Soudani, Hassan"]
[Result "1-0"]
[ECO "B51"]
[WhiteElo "2106"]
[BlackElo "1598"]
[PlyCount "79"]
[EventDate "2025.02.15"]
[EventType "swiss"]
[EventCountry "TUN"]
[TimeControl "180+3"]

1. e4 c5 2. Nf3 Nc6 3. Bb5 d6 4. O-O e5 5. Re1 Bg4 6. c3 g6 7. h3 Be6 8. d4 cxd4 9. cxd4 exd4 10. Nxd4 Nge7 11. Bg5 Qc7 12. Bf6 Rg8 13. Nc3 O-O-O 14. Nd5 Bxd5 15. exd5 Nxd5 16. Bxd8 Kxd8 17. Nxc6+ bxc6 18. Qxd5 Bg7 19. Qxc6 Qxc6 20. Bxc6 Bd4 21. Rad1 Bc5 22. Bd5 Rf8 23. b4 Bxb4 24. Re4 a5 25. Rc1 f5 26. Rec4 Kd7 27. Rc7+ Kd8 28. Rc8+ Ke7 29. R1c7+ Kf6 30. Rxf8+ Ke5 31. Bb3 d5 32. Re8+ Kd4 33. Rd7 Kc3 34. Rxd5 Ba3 35. Re3+ Kb2 36. Rd2+ Kc1 37. Rc2+ Kd1 38. Kf1 Bb4 39. Ree2 a4 40. Rc3+ 1-0

[Event "Djerba Festival Blitz 2025"]
[Site "Djerba"]
[Date "2025.02.21"]
[Round "1.22"]
[White "Raymond, Andre"]
[Black "Rekik Ismail"]
[Result "0-1"]
[ECO "B08"]
[WhiteElo "1610"]
[BlackElo "2006"]
[PlyCount "59"]
[EventDate "2025.02.15"]
[EventType "swiss"]
[EventCountry "TUN"]
[TimeControl "180+3"]

1. e4 d6 2. d4 Nf6 3. Nc3 g6 4. Nf3 Bg7 5. Bd3 O-O 6. O-O c6 7. e5 dxe5 8. dxe5 Nd5 9. Nxd5 cxd5 10. Bf4 Nc6 11. Re1 Bg4 12. h3 Bd7 13. c3 Rc8 14. Qb3 e6 15. Bg5 Qc7 16. Be3 Nxe5 17. Nxe5 Bxe5 18. Bxa7 b5 19. Bd4 Bh2+ 20. Kh1 e5 21. Be3 e4 22. Bxb5 Rb8 23. a4 Be6 24. Rad1 d4 25. Qc2 dxe3 26. Rxe3 Bf4 27. Re2 Rfd8 28. g3 Rxd1+ 29. Qxd1 Rd8 30. Qc2 0-1

[Event "Djerba Festival Blitz 2025"]
[Site "Djerba"]
[Date "2025.02.21"]
[Round "1.23"]
[White "Gemelli, Romain"]
[Black "Mallah, Abderrahmane"]
[Result "1-0"]
[ECO "D30"]
[WhiteElo "2203"]
[BlackElo "1556"]
[PlyCount "39"]
[EventDate "2025.02.15"]
[EventType "swiss"]
[EventCountry "TUN"]
[TimeControl "180+3"]

1. d4 Nf6 2. c4 e6 3. Nf3 d5 4. Bg5 Be7 5. e3 O-O 6. Qc2 h6 7. Bxf6 Bxf6 8. h4 Re8 9. g4 g6 10. g5 hxg5 11. hxg5 Bg7 12. Nc3 c6 13. O-O-O Nd7 14. e4 dxe4 15. Nxe4 Qe7 16. c5 e5 17. Bc4 Rf8 18. Nd6 exd4 19. Qxg6 Ne5 20. Qh7# 1-0

[Event "Djerba Festival Blitz 2025"]
[Site "Djerba"]
[Date "2025.02.21"]
[Round "1.24"]
[White "Chartier, Romain"]
[Black "Nassr, Lina"]
[Result "0-1"]
[ECO "D02"]
[WhiteElo "1581"]
[BlackElo "1934"]
[PlyCount "74"]
[EventDate "2025.02.15"]
[EventType "swiss"]
[EventCountry "TUN"]
[TimeControl "180+3"]

1. d4 d5 2. Bf4 Nf6 3. e3 e6 4. Nf3 Bd6 5. Bxd6 Qxd6 6. Bd3 O-O 7. O-O c5 8. c3 Nc6 9. Nbd2 e5 10. dxe5 Nxe5 11. Nxe5 Qxe5 12. Nf3 Qe7 13. Re1 Bg4 14. h3 Bh5 15. Be2 Rad8 16. Qb3 Rfe8 17. Rad1 Bg6 18. c4 Be4 19. cxd5 Bxd5 20. Qc3 Ne4 21. Qc2 h6 22. b3 a6 23. Nd2 Nxd2 24. Rxd2 Qg5 25. Rxd5 Qxd5 26. Rd1 Qe5 27. Bf3 Qc7 28. Rc1 b6 29. a4 Qd6 30. Qc4 Qd3 31. Bc6 Qxc4 32. Rxc4 Rd1+ 33. Kh2 Red8 34. Rf4 R1d3 35. Be4 Rxb3 36. Kg3 Rb4 37. Rf5 Rxe4 0-1

[Event "Djerba Festival Blitz 2025"]
[Site "Djerba"]
[Date "2025.02.21"]
[Round "1.25"]
[White "Achour, Mohamed Anis"]
[Black "Mallah, Mohamed Khalil"]
[Result "1-0"]
[ECO "A48"]
[WhiteElo "2066"]
[BlackElo "1499"]
[PlyCount "61"]
[EventDate "2025.02.15"]
[EventType "swiss"]
[EventCountry "TUN"]
[TimeControl "180+3"]

1. d4 Nf6 2. Bf4 g6 3. Nf3 Bg7 4. e3 d6 5. h3 O-O 6. Be2 Nbd7 7. O-O Re8 8. c3 e5 9. dxe5 dxe5 10. Nxe5 Nxe5 11. Qxd8 Rxd8 12. Bxe5 c6 13. Rd1 Bf5 14. Na3 b5 15. Bf3 Rxd1+ 16. Rxd1 Be4 17. Bxe4 Nxe4 18. Bxg7 Kxg7 19. Rd7 a5 20. f3 Nf6 21. Rd6 b4 22. Nb1 c5 23. c4 a4 24. Nd2 h5 25. e4 Re8 26. h4 Kf8 27. Kf2 Ke7 28. Rc6 Rd8 29. Ke2 Nd7 30. f4 Rh8 31. Kd3 1-0

[Event "Djerba Festival Blitz 2025"]
[Site "Djerba"]
[Date "2025.02.21"]
[Round "1.26"]
[White "Ben Mbarek, Mohamed"]
[Black "Kaabi, Iheb"]
[Result "1-0"]
[ECO "A08"]
[WhiteElo "1570"]
[BlackElo "1810"]
[PlyCount "50"]
[EventDate "2025.02.15"]
[EventType "swiss"]
[EventCountry "TUN"]
[TimeControl "180+3"]

1. Nf3 Nf6 2. g3 g6 3. Bg2 Bg7 4. O-O O-O 5. d3 d5 6. Re1 c5 7. Nbd2 Nc6 8. e4 d4 9. a4 Bg4 10. h3 Be6 11. Ng5 Bd7 12. Nc4 h6 13. e5 hxg5 14. exf6 Bxf6 15. Bd2 Kg7 16. a5 Rh8 17. Kh2 Bxh3 18. Bxh3 Qd7 19. g4 Qc7+ 20. Kg2 Rxh3 21. Kxh3 Rh8+ 22. Kg2 Qh2+ 23. Kf1 Qh3+ 24. Ke2 Qxg4+ 25. f3 Qg2# 1-0

[Event "Djerba Festival Blitz 2025"]
[Site "Djerba"]
[Date "2025.02.21"]
[Round "1.27"]
[White "Amrane, Abdellah"]
[Black "Fengal, Zineddine"]
[Result "1-0"]
[ECO "C01"]
[WhiteElo "2021"]
[BlackElo "1439"]
[PlyCount "94"]
[EventDate "2025.02.15"]
[EventType "swiss"]
[EventCountry "TUN"]
[TimeControl "180+3"]

1. e4 e6 2. d4 d5 3. exd5 exd5 4. c4 Nf6 5. Nc3 Be7 6. Nf3 Bf5 7. Bd3 Bg6 8. O-O O-O 9. Bxg6 hxg6 10. Bf4 Nc6 11. c5 Re8 12. a3 Qd7 13. Ne5 Nxe5 14. dxe5 Nh5 15. Be3 c6 16. g4 Bf8 17. gxh5 Rxe5 18. hxg6 fxg6 19. h3 Qxh3 20. Bf4 Rh5 21. Qxh5 Qxh5 22. b4 Re8 23. Rae1 Rxe1 24. Rxe1 Qg4+ 25. Bg3 Qd4 26. Ne2 Qb2 27. Nf4 g5 28. Ng6 Qxa3 29. Bd6 Qxb4 30. Re8 Qb1+ 31. Kg2 Qxg6 32. Rxf8+ Kh7 33. Bg3 Qe4+ 34. Kh2 Qg6 35. Rb8 Qh5+ 36. Kg2 Qf7 37. Rd8 g4 38. Rd6 Qf3+ 39. Kg1 a5 40. Rd7 a4 41. Be5 a3 42. Rxg7+ Kh6 43. Rxb7 a2 44. Ra7 Qd1+ 45. Kh2 Qf3 46. Rxa2 Qh3+ 47. Kg1 Qh4 1-0

[Event "Djerba Festival Blitz 2025"]
[Site "Djerba"]
[Date "2025.02.21"]
[Round "1.28"]
[White "Mekki, Walid"]
[Black "Messala, Noureddine"]
[Result "1/2-1/2"]
[ECO "B31"]
[WhiteElo "1578"]
[BlackElo "2069"]
[PlyCount "94"]
[EventDate "2025.02.15"]
[EventType "swiss"]
[EventCountry "TUN"]
[TimeControl "180+3"]

1. e4 c5 2. Nf3 Nc6 3. Bb5 g6 4. d3 Bg7 5. Nc3 e6 6. Be3 d6 7. a3 Nge7 8. Qd2 h6 9. h3 a6 10. Ba4 b5 11. Bb3 Nd4 12. Bxd4 cxd4 13. Ne2 Qb6 14. O-O O-O 15. Nf4 Bb7 16. Rae1 e5 17. Nd5 Nxd5 18. exd5 Kh7 19. Re4 f5 20. Ree1 Qc5 21. Nh4 Bxd5 22. Bxd5 Qxd5 23. Kh1 Rac8 24. b3 Rf7 25. Re2 Bf6 26. Nf3 e4 27. Ng1 Re7 28. c3 dxc3 29. Qc2 exd3 30. Rxe7+ Bxe7 31. Qc1 d2 32. Qc2 Bf6 33. Rd1 Re8 34. Nf3 Re2 35. Rg1 Bd4 36. Rf1 Rxf2 37. Rxf2 Bxf2 38. Qd1 Qd3 39. Kh2 Be3 40. Nh4 c2 41. Qf3 Qe4 42. Nxg6 Kxg6 43. Qg3+ Kf7 44. Qxd6 Bf4+ 45. Qxf4 Qxf4+ 46. g3 Qf2+ 47. Kh1 d1=Q# 1/2-1/2

[Event "Djerba Festival Blitz 2025"]
[Site "Djerba"]
[Date "2025.02.21"]
[Round "1.30"]
[White "Feurprier, Matteo"]
[Black "Ajbara Jamal"]
[Result "1-0"]
[ECO "B45"]
[WhiteElo "1537"]
[BlackElo "1898"]
[PlyCount "66"]
[EventDate "2025.02.15"]
[EventType "swiss"]
[EventCountry "TUN"]
[TimeControl "180+3"]

1. e4 c5 2. Nf3 e6 3. d4 cxd4 4. Nxd4 Nc6 5. Nc3 Nf6 6. Nxc6 bxc6 7. Bd3 e5 8. Bg5 Bc5 9. O-O O-O 10. Kh1 h6 11. Bh4 g5 12. Bg3 d6 13. Na4 Bb4 14. a3 Ba5 15. b4 Bc7 16. Nc3 Bg4 17. f3 Be6 18. Nb1 Nh5 19. Qe1 Qf6 20. Nd2 d5 21. exd5 cxd5 22. Nb3 Rac8 23. Nc5 Nxg3+ 24. Qxg3 e4 25. fxe4 Bf4 26. Qf3 dxe4 27. Bxe4 Qe5 28. g3 Bd2 29. Rae1 Bxe1 30. Rxe1 f5 31. Nxe6 fxe4 32. Qb3 Rf7 33. Nc5 Qd5 1-0

[Event "Djerba Festival Blitz 2025"]
[Site "Djerba"]
[Date "2025.02.21"]
[Round "1.31"]
[White "Doucet, Pierre-Alois"]
[Black "Doucet, Jean Gabriel"]
[Result "1-0"]
[ECO "C79"]
[WhiteElo "2027"]
[BlackElo "1506"]
[PlyCount "111"]
[EventDate "2025.02.15"]
[EventType "swiss"]
[EventCountry "TUN"]
[TimeControl "180+3"]

1. e4 e5 2. Nf3 Nc6 3. Bb5 d6 4. c3 Nf6 5. O-O a6 6. Ba4 Be7 7. d4 O-O 8. Bxc6 bxc6 9. dxe5 dxe5 10. Qxd8 Rxd8 11. Nxe5 Bb7 12. Bg5 h6 13. Bxf6 Bxf6 14. Ng4 Be7 15. Ne3 c5 16. Na3 Bxe4 17. Rfe1 Bc6 18. Rad1 Bf6 19. h3 Re8 20. Ng4 Bg5 21. Nc4 Rxe1+ 22. Rxe1 Re8 23. Rxe8+ Bxe8 24. Nge3 Bxe3 25. Nxe3 Bc6 26. f3 f6 27. Kf2 Kf7 28. Nc4 Bd5 29. Nd2 c6 30. b3 Ke6 31. Ke3 g5 32. g3 f5 33. f4 g4 34. hxg4 fxg4 35. Ne4 c4 36. Nc5+ Kd6 37. Nxa6 cxb3 38. axb3 Bxb3 39. Kd4 Bc2 40. Nc5 Bf5 41. Nb7+ Kc7 42. Na5 Kb6 43. Nc4+ Kb5 44. Nd6+ Kb6 45. Nxf5 c5+ 46. Kd5 h5 47. Nh4 Kb5 48. f5 Kb6 49. f6 c4 50. f7 Kb5 51. f8=N Kb6 52. Nd7+ Kc7 53. Ne5 Kd8 54. Nxc4 Ke7 55. Ne3 Kf6 56. Nef5 {[%emt 0:00:00] Ke7 c4+ Ke8 c5 Kd7 c6+ Kc7 Kc5 Kd8 Kd6 Kc8 Ne7+ Kd8 Nhf5 Ke8 Ng7+ Kd8 c7#} 1-0

[Event "Djerba Festival Blitz 2025"]
[Site "Djerba"]
[Date "2025.02.21"]
[Round "1.32"]
[White "Baduel Ghalimi, Maxence"]
[Black "MEZGOURI NOUREDDINE"]
[Result "0-1"]
[ECO "B00"]
[WhiteElo "1506"]
[BlackElo "1891"]
[PlyCount "29"]
[EventDate "2025.02.15"]
[EventType "swiss"]
[EventCountry "TUN"]
[TimeControl "180+3"]

1. d4 d6 2. e4 Nc6 3. c3 a6 4. Bd3 Nf6 5. Ne2 e5 6. Qc2 Be7 7. h3 O-O 8. O-O h6 9. f4 exd4 10. cxd4 Nd7 11. a3 b5 12. Nd2 Bb7 13. e5 dxe5 14. fxe5 Bg5 15. Ne4 0-1